Map: Deathaura LE

Players

Neowolf

  • Race: Terran Terran
  • League: Master
  • Spawn Location: 5:00

Magicall - Winner!

  • Race: Protoss Protoss
  • League: Master
  • Spawn Location: 11:00

VOD

Have the link to the VOD?

Description

Time

  • Played on: Nov. 7, 2020, 9:04 a.m.
  • Length: 18:59
Show
View Real Time Build Order
Export as new Build Order

Neowolf Terran 

Build Orders: 2 Factory, Cyclone Opening, Mech 

Get SALT Encoding   

  12  0:00  SCV  
  13  0:12  SCV  
  14  0:17  Supply Depot  
  14  0:24  SCV  
  14  0:27  Refinery  
  15  0:38  SCV  
  16  0:44  Barracks  
  16  0:50  SCV  
  16  0:55  Refinery  
  17  1:03  SCV  
  18  1:15  SCV  
  19  1:31  Reaper, Orbital Command  
  20  1:36  Factory  
  20  1:44  Supply Depot  
  20  1:57  SCV  
  21  2:03  Reaper  
  22  2:12  SCV  
  23  2:20  Factory Tech Lab  
  23  2:24  SCV  
  23  2:28  Command Center  
  24  2:36  SCV  
  25  2:39  Cyclone  
  25  2:44  Mag-Field Accelerator  
  28  2:48  SCV  
  29  2:52  Supply Depot  
  29  3:03  SCV, Factory  
  30  3:15  SCV  
  31  3:21  Refinery  
  31  3:22  Cyclone  
  34  3:27  SCV  
  35  3:39  SCV, Refinery  
  35  3:41  Orbital Command  
  36  3:46  Factory Tech Lab  
  36  3:56  Cyclone  
  36  3:57  SCV  
  40  4:09  Cyclone  
  43  4:20  SCV x2  
  41  4:32  Cyclone  
  41  4:36  SCV x2  
  46  4:40  Starport  
  47  4:52  SCV x2  
  49  4:55  Barracks  
  48  5:02  Supply Depot x2, Cyclone  
  48  5:04  Cyclone  
  54  5:23  SCV x2, Liberator  
  54  5:28  Supply Depot  
  59  5:29  Supply Depot  
  59  5:34  Cyclone  
  62  5:35  SCV  
  62  5:36  SCV, Cyclone  
  67  5:48  SCV x2  
  69  5:55  Factory  
  69  6:00  SCV x2  
  71  6:07  Command Center  
  71  6:12  SCV x2  
  71  6:16  Supply Depot  
  73  6:18  Armory  
  73  6:20  Engineering Bay  
  73  6:24  SCV x2  
  75  6:27  Cyclone  
  75  6:29  Starport Reactor  
  78  6:33  Cyclone  
  80  6:47  SCV x2  
  73  7:02  Cyclone, Factory Tech Lab  
  73  7:07  Cyclone  
  73  7:08  Viking x2  
  80  7:09  SCV x2  
  82  7:19  Orbital Command  
  82  7:21  SCV x2  
  84  7:23  Command Center  
  84  7:29  Siege Tank  
  84  7:32  Factory  
  84  7:33  SCV x2  
  86  7:38  Cyclone  
  86  7:39  Siege Tank  
  92  7:47  SCV x2  
  92  7:49  Orbital Command  
  92  7:51  Viking x2  
  96  7:53  Terran Vehicle And Ship Armor Level 1  
  96  7:57  Factory  
  98  7:59  SCV  
  99  8:09  Refinery  
  99  8:11  Siege Tank  
  102  8:13  Cyclone  
  102  8:16  Refinery  
  105  8:20  SCV x2  
  105  8:22  Factory Reactor  
  105  8:23  Viking  
  109  8:31  SCV, Supply Depot  
  109  8:32  SCV x2, Supply Depot  
  109  8:33  Supply Depot  
  112  8:36  Siege Tank  
  115  8:42  Supply Depot  
  115  8:50  Hellion x2  
  115  8:51  Infernal Pre-Igniter  
  115  8:53  Siege Tank  
  114  9:11  Cyclone x2  
  114  9:12  SCV  
  114  9:13  SCV x2  
  123  9:21  Planetary Fortress  
  123  9:22  Hellion  
  123  9:23  Hellion, Factory Reactor  
  126  9:24  SCV  
  126  9:25  SCV x2, Cyclone  
  125  9:43  Hellion x2  
  125  9:45  Hellion x2  
  115  9:47  Liberator x2  
  115  9:48  SCV x3  
  124  9:57  Terran Vehicle And Ship Armor Level 2  
  124  9:58  Hellion  
  124  9:59  Armory  
  126  10:00  SCV  
  126  10:03  Hellion x2  
  131  10:08  Refinery x2  
  131  10:09  Smart Servos  
  131  10:17  Cyclone x2  
  131  10:18  Hellion x2  
  131  10:19  SCV x3  
  144  10:22  SCV  
  144  10:24  Cyclone  
  148  10:31  SCV  
  140  10:45  Hellion x2  
  140  10:46  Hellion x2, Liberator x2  
  140  10:49  Hellion  
  150  10:58  Cyclone x2  
  150  11:04  SCV x4  
  140  11:09  Hellion  
  140  11:10  Hellion x3, Siege Tank  
  147  11:16  SCV  
  147  11:17  SCV, Factory  
  147  11:18  SCV, Factory  
  150  11:29  Liberator x2  
  150  11:30  Hellion x2  
  150  11:31  Hellion x3  
  157  11:45  Terran Vehicle Weapons Level 1, Siege Tank  
  157  11:46  Hellion  
  162  11:50  Factory  
  162  11:51  Hellion  
  164  11:54  Command Center  
  164  11:56  Command Center  
  164  11:57  Missile Turret  
  164  11:58  Missile Turret  
  164  11:59  Command Center, Missile Turret  
  164  12:04  Thor  
  164  12:05  Supply Depot, Factory Tech Lab  
  164  12:06  Factory Tech Lab  
  170  12:12  Thor  
  176  12:17  Cyclone  
  176  12:20  Supply Depot  
  176  12:21  Supply Depot  
  167  12:31  Siege Tank  
  167  12:32  Siege Tank  
  167  12:33  SCV x4  
  174  12:42  Hellion x3  
  174  12:43  Hellion  
  182  12:45  SCV  
  182  12:47  SCV x2, Cyclone  
  182  12:48  SCV, Sensor Tower  
  182  12:50  Siege Tank  
  192  12:55  Siege Tank  
  192  12:57  SCV  
  196  13:05  Hellion x2  
  192  13:19  Missile Turret  
  181  13:21  Thor  
  179  13:27  Orbital Command  
  179  13:28  Orbital Command  
  177  13:37  Missile Turret  
  177  13:40  SCV x2  
  177  13:41  SCV  
  177  13:49  Factory Reactor  
  177  13:50  Hellion x2, Siege Tank x2  
  177  13:53  SCV x3  
  190  14:01  SCV x3  
  179  14:16  SCV x3  
  182  14:18  Missile Turret  
  182  14:19  Cyclone x2  
  182  14:20  Hellion, Missile Turret  
  176  14:31  Thor x2  
  176  14:33  Hellion x3  
  194  14:42  Starport Tech Lab  
  194  14:49  Fusion Core  
  194  14:50  Missile Turret  
  194  14:51  Terran Vehicle And Ship Armor Level 3  
  194  14:52  Terran Ship Weapons Level 1, Starport  
  194  14:56  Starport x2  
  192  15:03  Cyclone x2  
  192  15:04  Hellion  
  161  15:14  Cyclone  
  161  15:15  Cyclone  
  163  15:38  SCV x3  
  163  15:39  SCV  
  163  15:42  Orbital Command  
  167  15:45  SCV  
  167  15:49  Hellion  
  166  15:50  SCV x2, Hellion  
  166  15:53  Battlecruiser  
  142  16:09  SCV x2  
  132  16:21  SCV  
  132  16:22  SCV x4  
  125  16:33  SCV  
  125  16:34  SCV x2  
  129  16:44  SCV  
  129  16:45  SCV  
  130  16:51  Planetary Fortress  
  130  16:59  Battlecruiser  
  136  17:03  Orbital Command  
  136  17:06  Battlecruiser  
  136  17:07  SCV x2  
  144  17:16  SCV  
  144  17:19  SCV  
  146  17:25  Hellion x2, Siege Tank  
  147  17:31  SCV x2  
  147  17:32  SCV  
  147  17:34  SCV  
  149  17:48  Siege Tank  
  149  17:49  Siege Tank x2  
  149  17:50  SCV x3  
  161  17:53  Starport Tech Lab  
  161  18:01  Command Center  
  146  18:16  Hellion x4, Siege Tank  
  124  18:23  SCV  
Show
View Real Time Build Order
Export as new Build Order

Magicall Protoss - Winner!

Build Orders: 1 Gate Expand, Colossus Rush 

Get SALT Encoding   

  12  0:00  Probe  
  13  0:12  Probe  
  14  0:18  Pylon  
  14  0:24  Probe (Chrono Boost)  
  15  0:37  Probe (Chrono Boost)  
  15  0:38  Gateway  
  16  0:45  Probe (Chrono Boost)  
  16  0:47  Assimilator  
  17  0:51  Probe  
  18  1:03  Probe  
  19  1:15  Probe  
  20  1:26  Cybernetics Core  
  20  1:35  Nexus  
  20  1:41  Pylon  
  20  1:45  Probe  
  21  1:53  Assimilator  
  21  1:58  Probe  
  21  1:59  Adept (Chrono Boost)  
  22  2:05  Warp Gate  
  24  2:10  Probe  
  25  2:19  Stalker (Chrono Boost)  
  25  2:22  Probe  
  28  2:34  Probe  
  28  2:36  Robotics Facility  
  29  2:44  Shield Battery  
  29  2:48  Probe (Chrono Boost)  
  31  2:51  Probe (Chrono Boost)  
  31  2:53  Stalker  
  34  2:58  Probe (Chrono Boost)  
  34  3:00  Probe (Chrono Boost)  
  35  3:08  Gateway  
  35  3:10  Probe (Chrono Boost)  
  36  3:19  Probe (Chrono Boost)  
  38  3:20  Probe (Chrono Boost)  
  38  3:22  Pylon  
  38  3:23  Observer  
  38  3:25  Probe (Chrono Boost)  
  40  3:28  Probe  
  40  3:30  Gateway  
  41  3:37  Probe  
  41  3:40  Probe  
  43  3:45  Observer  
  44  3:55  Probe  
  45  3:57  Assimilator  
  45  3:58  Assimilator  
  45  4:00  Nexus  
  45  4:05  Probe  
  45  4:07  Robotics Bay  
  45  4:08  Probe  
  47  4:19  Probe  
  47  4:20  Probe  
  49  4:27  Stalker x2  
  49  4:31  Probe  
  50  4:32  Probe  
  50  4:35  Stalker  
  53  4:40  Pylon  
  53  4:43  Probe  
  53  4:44  Probe  
  53  4:55  Probe, Pylon  
  53  4:56  Colossus (Chrono Boost)  
  53  4:58  Probe  
  61  5:05  Pylon  
  61  5:09  Pylon  
  61  5:10  Forge  
  61  5:14  Stalker x2  
  66  5:22  Probe (Chrono Boost)  
  66  5:25  Probe (Chrono Boost)  
  66  5:28  Sentry  
  69  5:29  Probe (Chrono Boost)  
  69  5:31  Shield Battery, Extended Thermal Lance  
  69  5:35  Gateway  
  71  5:38  Probe (Chrono Boost)  
  71  5:40  Probe (Chrono Boost)  
  71  5:42  Stalker x2  
  66  5:44  Colossus  
  66  5:45  Protoss Ground Weapons Level 1 (Chrono Boost)  
  68  5:51  Probe  
  75  5:57  Probe  
  75  6:00  Probe  
  75  6:03  Stalker  
  79  6:07  Twilight Council  
  79  6:08  Probe  
  80  6:14  Probe  
  80  6:15  Sentry  
  80  6:16  Probe  
  84  6:20  Gateway  
  84  6:23  Gateway  
  84  6:24  Probe  
  84  6:25  Pylon  
  85  6:26  Zealot  
  85  6:27  Zealot  
  85  6:30  Probe  
  90  6:37  Probe  
  91  6:46  Colossus (Chrono Boost)  
  91  6:49  Probe  
  91  6:50  Assimilator  
  91  6:52  Assimilator  
  90  6:55  Charge (Chrono Boost)  
  90  6:56  Probe  
  90  6:57  Stalker x3  
  90  7:03  Probe  
  91  7:08  Stalker  
  91  7:10  Probe  
  94  7:17  Stalker  
  94  7:19  Zealot  
  94  7:20  Zealot x2  
  94  7:22  Probe  
  103  7:26  Probe  
  104  7:35  Protoss Ground Weapons Level 2 (Chrono Boost)  
  104  7:36  Pylon  
  104  7:43  Probe  
  105  7:54  Colossus  
  105  7:56  Nexus  
  105  7:57  Pylon  
  111  8:03  Stalker  
  113  8:06  Pylon  
  113  8:09  Pylon  
  113  8:11  Shield Battery  
  111  8:22  Probe  
  111  8:25  Templar Archives  
  111  8:26  Probe  
  113  8:28  Gateway  
  113  8:30  Zealot, Gateway  
  113  8:31  Zealot x3  
  113  8:33  Probe  
  122  8:43  Zealot x2  
  124  8:50  Gateway  
  124  8:52  Gateway  
  124  8:55  Probe  
  125  8:56  Shield Battery, Gateway  
  125  8:57  Gateway  
  125  9:01  Zealot x4  
  125  9:08  Probe  
  125  9:09  Probe  
  121  9:11  Zealot x2  
  121  9:13  Immortal  
  129  9:22  Zealot x4  
  135  9:33  Probe  
  132  9:42  Probe  
  132  9:44  Stalker x2  
  132  9:45  Stalker x6  
  137  9:46  Probe  
  137  9:47  Probe  
  137  9:49  Blink (Chrono Boost)  
  141  9:55  Immortal (Chrono Boost), Pylon  
  141  9:56  Pylon  
  141  9:58  Pylon  
  145  10:00  Assimilator  
  145  10:04  Assimilator  
  145  10:05  Zealot x3  
  151  10:10  Protoss Ground Weapons Level 3 (Chrono Boost)  
  151  10:11  Sentry  
  153  10:22  Dark Shrine  
  153  10:23  Zealot  
  153  10:25  Zealot  
  153  10:27  High Templar x4  
  153  10:28  High Templar x2  
  169  10:29  Warp Prism (Chrono Boost)  
  169  10:32  Archon  
  169  10:33  Archon x2  
  167  10:39  Zealot x4  
  167  10:41  Probe  
  166  10:47  Zealot x2  
  166  10:48  Probe  
  171  10:54  Probe  
  169  10:58  Probe x2  
  169  11:00  Probe  
  169  11:01  Zealot  
  169  11:02  Zealot  
  164  11:07  Probe  
  164  11:10  Probe x2  
  164  11:11  High Templar x3  
  169  11:12  High Templar x3  
  169  11:13  Zealot  
  169  11:17  Archon x2  
  180  11:18  Probe  
  180  11:23  Pylon  
  180  11:25  Pylon  
  180  11:27  Pylon  
  180  11:37  Nexus  
  180  11:39  Pylon  
  178  11:42  Pylon, Dark Templar  
  178  11:43  Sentry  
  178  11:44  Dark Templar x2  
  186  11:48  Nexus  
  186  11:49  Pylon  
  186  11:54  Zealot x6  
  198  12:03  Photon Cannon  
  198  12:04  Photon Cannon  
  198  12:18  High Templar  
  192  12:32  Stalker  
  192  12:33  Stalker x3  
  192  12:41  Shadow Stride (Chrono Boost)  
  192  12:43  Archon  
  190  12:52  Gateway  
  190  12:59  Dark Templar x2  
  190  13:03  Zealot x3  
  200  13:12  Probe  
  195  13:13  Probe  
  195  13:14  Probe  
  195  13:18  Zealot  
  197  13:34  Photon Cannon  
  197  13:35  Photon Cannon  
  197  13:38  Shield Battery, Dark Templar x3  
  189  14:00  Probe  
  186  14:06  Dark Templar x2  
  186  14:08  Dark Templar x4  
  190  14:11  Probe  
  190  14:13  Dark Templar x5  
  190  14:14  Dark Templar x5  
  195  14:31  Protoss Shields Level 1 (Chrono Boost)  
  183  14:33  Probe  
  183  14:38  Probe, Stargate  
  185  14:47  Photon Cannon  
  185  14:48  Photon Cannon  
  185  14:50  Photon Cannon  
  185  14:52  Photon Cannon  
  185  14:54  Stalker x5, Shield Battery  
  185  14:55  Shield Battery  
  185  14:56  Probe x2  
  197  15:03  Probe  
  175  15:08  Zealot x4  
  175  15:09  Probe x2, Zealot  
  185  15:19  Zealot x6  
  185  15:20  Zealot  
  199  15:22  Probe  
  200  15:29  Probe  
  197  15:37  Zealot x4  
  197  15:40  Probe  
  197  15:41  Probe  
  199  15:47  Probe  
  198  15:51  Probe  
  193  15:57  Probe  
  193  15:59  Probe  
  193  16:04  Stalker x4  
  191  16:06  Assimilator  
  191  16:08  Probe, Assimilator  
  191  16:09  Probe  
  191  16:10  Probe  
  190  16:13  Probe  
  190  16:15  Probe  
  190  16:16  Probe  
  193  16:21  Probe, Nexus  
  180  16:28  Assimilator  
  180  16:29  Assimilator  
  176  16:35  Dark Templar  
  176  16:38  Probe  
  155  17:02  High Templar x2  
  155  17:04  High Templar x2  
  155  17:05  High Templar x2  
  155  17:06  Zealot x2  
  155  17:07  Zealot x4  
  179  17:08  Archon  
  179  17:09  Archon  
  179  17:10  Archon  
  172  17:17  Archon  
  172  17:18  Stargate  
  172  17:22  Fleet Beacon  
  170  17:23  Probe  
  170  17:24  Probe  
  172  17:33  Pylon  
  172  17:35  Pylon  
  172  17:39  Dark Templar x5  
  172  17:40  Dark Templar x5  
  191  17:50  Unknown  
  191  17:54  Unknown  
  186  18:01  Nexus  
  179  18:10  Tempest  
  179  18:11  Tempest  
  179  18:13  Probe  
  179  18:15  Probe  
  175  18:25  Probe  
  164  18:31  Probe  
  141  18:41  Probe  
  136  18:50  Zealot x8  
  136  18:51  Zealot x5  
Tags
 
Add a new tag
Caveats
  • Supply blocks, unpowered buildings, or Contaminate may cause inaccurate times.
  • Supply counts are checked every 10 seconds.